 Dungeon Crawl Stone Soup version 0.16.0 (webtiles) character file.

2124 Fiveotanaka the Martial Artist (level 9, -4/43 HPs)
             Began as a Vine Stalker Monk on Mar 22, 2015.
             Was an Elder of Okawaru.
             Slain by a goliath beetle (14 damage)
             ... on level 8 of the Dungeon.
             The game lasted 00:09:06 (2905 turns).

Fiveotanaka the Martial Artist (Vine Stalker Monk)  Turns: 2905, Time: 00:09:06

Health: -4/43      AC:  9    Str: 14    XL:     9   Next: 29%
Magic:  0/12       EV: 16    Int:  6    God:    Okawaru [****..]
Gold:   311        SH:  0    Dex: 20    Spells: 0 memorised, 8 levels left

rFire  . . .     SeeInvis .       - Unarmed
rCold  . . .     Clarity  .     n - +0 ring mail (curse)
rNeg   . . .     SustAb   .     (no shield)
rPois  .         Gourm    .     h - +0 helmet (curse)
rElec  .         Spirit   +     o - +0 cloak
rCorr  .         Warding  .     (no gloves)
rMut   .         Stasis   .     q - +0 pair of boots
MR     +....                    (no amulet)
Stlth  ++++......               k - -4 ring of intelligence (curse)
                                d - ring of stealth

@: lethally poisoned (-4 -> -9), heroism, slowed, very slow, somewhat resistant
to hostile enchantments, stealthy
A: fangs 3, regeneration 2, magic shield, antimagic bite, no device heal 3, rot
immunity
a: Heroism, Renounce Religion


You were on level 8 of the Dungeon.
You worshipped Okawaru.
Okawaru was greatly pleased with you.
You were not hungry.

You visited 1 branch of the dungeon, and saw 8 of its levels.
You also visited: Sewer.

You collected 311 gold pieces.

Inventory:

Hand weapons
 w - a +0 blowgun
Missiles
 e - 103 stones (quivered)
 u - 82 poisoned needles
Armour
 h - a cursed +0 helmet (worn)
 n - a cursed +0 ring mail (worn)
 o - a +0 cloak (worn)
 q - a +0 pair of boots (worn)
 I - a +1 hat
Jewellery
 d - a ring of stealth (left hand)
 g - an uncursed ring of positive energy
 k - a cursed -4 ring of intelligence (right hand)
Magical devices
 s - a wand of polymorph (11)
 y - a wand of hasting (3)
 B - a wand of magic darts (21)
 F - a wand of frost (14)
Scrolls
 c - 3 scrolls of blinking
 f - 3 scrolls of identify
 i - 2 scrolls of remove curse {unknown}
 p - a scroll of enchant weapon {unknown}
 v - a scroll of brand weapon {unknown}
 x - a scroll of amnesia {unknown}
 A - 3 scrolls of teleportation
 D - a scroll of enchant armour {unknown}
 G - a scroll of vulnerability {unknown}
Potions
 a - 2 potions of heal wounds {unknown}
 j - a potion of might {unknown}
 l - a potion of resistance {unknown}
 m - a potion of agility {unknown}
 r - a potion of brilliance {unknown}
 z - a potion of restore abilities {unknown}
 H - 2 potions of haste {unknown}
Books
 E - a book of the Dragon

   Spells                             Type                      Level
   a - Flight                         Charms/Air                   3
   b - Cause Fear                     Hexes                        4
   c - Bolt of Fire                   Conjuration/Fire             6
   d - Dragon Form                    Transmutation                7
   e - Dragon's Call                  Summoning                    9
Comestibles
 b - 4 bread rations
 t - 9 chunks of flesh
 C - 2 meat rations


   Skills:
 - Level 2.6(7.6) Fighting
 - Level 2.4(7.4) Dodging
 - Level 2.4(7.4) Stealth
 + Level 12.3(17.3) Unarmed Combat


You had 8 spell levels left.
You didn't know any spells.

Dungeon Overview and Level Annotations

Branches:
Dungeon (8/15)             Temple (0/1) D:7
   Lair: D:8-11

Altars:
Dithmenos
Elyvilon
Fedhas
Makhleb
Okawaru
Sif Muna
Trog


Innate Abilities, Weirdness & Mutations

You have razor-sharp teeth.
You heal very quickly.
When hurt, damage is shared between your health and your magic reserves.
Your bite disrupts and absorbs the magic of your enemies.
Potions and wands cannot restore your health.
You are immune to rotting.


Message History

You feel as though you will be slow longer.
The goliath beetle bites you!
Your ring mail prevents you from hitting the wasp.
Your bite misses the wasp.
The wasp is heavily wounded.
You feel sick. The wasp stings you.
You are more poisoned.
You feel as though you will be slow longer.
You hear a grinding noise.
The wasp stings you!
* * * LOW HITPOINT WARNING * * *
You feel as though you will be slow longer.
A boring beetle comes into view.
Use which ability? (? or * to list)
You gain the combat prowess of a mighty hero.
You feel slightly more hungry.
You feel sick. The wasp stings you.
* * * LOW HITPOINT WARNING * * *
You feel as though you will be slow longer.
The goliath beetle bites you!
You die...

. .. #########
... ###.#.#@B.#
#.###...##B#y#+
...#.....#.#.#
#.#...##.#.##
##.....# ####
##).....#
#..)....#
##<.#...#
#...##...#


You could see a goliath beetle, a boring beetle and a wasp.

Vanquished Creatures
  Grinder (D:4)
  Menkaure (D:6)
  An orc warrior (D:7)
  Purgy (Sewer)
  2 sky beasts (D:7)
  A wasp (D:7)
  An ice beast (D:5)
  2 giant frogs
  A big kobold (D:7)
  Blork the orc (D:4)
  A scorpion (D:7)
  A crimson imp (D:5)
  2 orc priests (D:7)
  3 hounds
  A jelly (D:5)
  8 orc wizards
  Natasha (D:5)
  2 iguanas (D:4)
  6 worker ants
  Jessica (D:2)
  A hound skeleton (D:5)
  7 gnolls (D:5)
  3 adders
  A river rat (D:3)
  2 giant mites (D:3)
  A worm (D:2)
  An adder skeleton (D:6)
  6 giant geckos
  An ooze (D:1)
  26 orcs
  7 bats
  5 giant cockroaches
  7 goblins
  3 hobgoblins
  A jackal (D:3)
  5 giant newts
  A jackal skeleton (D:4)
  13 kobolds
  A quokka (D:6)
  6 rats
136 creatures vanquished.

Notes
Turn   | Place    | Note
--------------------------------------------------------------
     0 | D:1      | Fiveotanaka, the Vine Stalker Monk, began the quest for the Orb.
     0 | D:1      | Reached XP level 1. HP: 11/11 MP: 1/1
    68 | D:1      | Reached XP level 2. HP: 11/16 MP: 3/3
   313 | D:2      | Noticed Jessica
   318 | D:2      | Killed Jessica
   318 | D:2      | Reached skill level 5 in Unarmed Combat
   318 | D:2      | Reached XP level 3. HP: 19/19 MP: 4/4
   582 | D:3      | Reached XP level 4. HP: 23/23 MP: 5/5
   790 | D:3      | Found a glowing drain.
   806 | Sewer    | Entered a sewer
   813 | Sewer    | Noticed Purgy
   822 | Sewer    | Killed Purgy
   822 | Sewer    | Reached skill level 6 in Unarmed Combat
   822 | Sewer    | Reached XP level 5. HP: 18/27 MP: 5/7
  1102 | D:4      | Found an iron altar of Okawaru.
  1103 | D:4      | Found a bloodstained altar of Trog.
  1116 | D:4      | Became a worshipper of Warmaster Okawaru
  1116 | D:4      | Acquired Okawaru's first power
  1191 | D:4      | Reached skill level 7 in Unarmed Combat
  1191 | D:4      | Gained mutation: You heal very quickly. [vine stalker growth]
  1191 | D:4      | Reached XP level 6. HP: 28/32 MP: 8/8
  1198 | D:4      | Noticed Blork the orc
  1205 | D:4      | Killed Blork the orc
  1251 | D:4      | Found a shadowy altar of Dithmenos.
  1317 | D:4      | Noticed Grinder
  1329 | D:4      | Killed Grinder
  1329 | D:4      | Reached skill level 8 in Unarmed Combat
  1329 | D:4      | Reached XP level 7. HP: 35/35 MP: 9/9
  1390 | D:4      | Found a deep blue altar of Sif Muna.
  1504 | D:5      | Entered Level 5 of the Dungeon
  1560 | D:5      | Reached skill level 9 in Unarmed Combat
  1726 | D:5      | Gained mutation: You have razor-sharp teeth. [vine stalker growth]
  1726 | D:5      | Reached XP level 8. HP: 33/39 MP: 11/11
  1810 | D:5      | Noticed Natasha
  1817 | D:5      | Killed Natasha
  1824 | D:5      | Reached skill level 10 in Unarmed Combat
  2064 | D:6      | Noticed Menkaure
  2067 | D:6      | Killed Menkaure
  2205 | D:7      | Found a blossoming altar of Fedhas.
  2325 | D:7      | Found a staircase to the Ecumenical Temple.
  2374 | D:7      | Reached skill level 11 in Unarmed Combat
  2410 | D:7      | Found a burning altar of Makhleb.
  2619 | D:7      | Reached XP level 9. HP: 43/43 MP: 12/12
  2661 | D:7      | Found a white marble altar of Elyvilon.
  2745 | D:7      | Reached skill level 12 in Unarmed Combat
  2905 | D:8      | Slain by a goliath beetle

Action                   |  1- 3 |  4- 6 |  7- 9 || total
-------------------------+-------+-------+-------++-------
Melee: Unarmed           |    50 |   119 |   193 ||   362
Invok: Heroism           |       |     1 |     3 ||     4
  Use: Scroll            |       |       |     4 ||     4
 Stab: Sleeping          |     6 |     8 |     6 ||    20
  Eat: Chunk             |       |     1 |     6 ||     7
